 Dungeon Crawl Stone Soup version 0.21.1-1-g345015f (webtiles) character file.

8939 glosham the Fighter (level 11, 0/67 HPs)
             Began as a Vine Stalker Hunter on Apr 14, 2018.
             Was an Initiate of Gozag.
             Impaled on a porcupine's spines (10 damage)
             ... on level 1 of the Lair of Beasts.
             The game lasted 02:30:39 (6549 turns).

glosham the Fighter (Vine Stalker Hunter)           Turns: 6549, Time: 02:30:40

Health: 0/67       AC: 12    Str: 18    XL:     11   Next: 38%
Magic:  0/12       EV:  6    Int: 11    God:    Gozag
Gold:   274        SH:  0    Dex: 15    Spells: 5/10 levels left

rFire    + + .     SeeInvis +   a - +2 broad axe of Blind Justice {vamp, rF++ rN+ Dex-2 SInv}
rCold    . . .     Gourm    .   (no shield)
rNeg     + . .     Faith    .   X - +0 plate armour
rPois    .         Spirit   +   (no helmet)
rElec    .         Reflect  .   (no cloak)
rCorr    .         Harm     .   V - +0 pair of gloves
MR       +....                  (no boots)
Stlth    ..........             (no amulet)
HPRegen  0.61/turn              A - ring of stealth
MPRegen  0.13/turn              B - +2 ring of dexterity

@: gold aura, hasted, very quick
A: fangs 3, regeneration 1, magic shield, antimagic bite, no potion heal 3, rot
immunity
a: Potion Petition, Call Merchant, Bribe Branch, Renounce Religion


You were on level 1 of the Lair of Beasts.
You worshipped Gozag.
Gozag was aware of your devotion.
You were not hungry.

You visited 3 branches of the dungeon, and saw 12 of its levels.

You collected 1591 gold pieces.
You spent 811 gold pieces at shops.
You paid 506 gold pieces to Gozag.

Inventory:

Hand Weapons
 a - the +2 broad axe of Blind Justice (weapon) {vamp, rF++ rN+ Dex-2 SInv}
   (You bought it in a shop on level 8 of the Dungeon)

   It inflicts no extra harm, but heals its wielder when it wounds a living foe.
   It affects your dexterity (-2).
   It greatly protects you from fire.
   It protects you from negative energy.
   It lets you see invisible.
 b - a +0 trident of venom
 c - a +1 hand crossbow
Missiles
 d - 29 bolts
Armour
 C - a +1 robe of cold resistance
 V - a +0 pair of gloves (worn)
 X - a +0 plate armour (worn)
 Z - a +0 buckler
Jewellery
 A - a ring of stealth (left hand)
 B - a +2 ring of dexterity (right hand)
 I - a +6 ring of intelligence
Wands
 g - a wand of polymorph (17)
Scrolls
 f - a scroll of torment {!r}
 k - 5 scrolls of teleportation
 l - a scroll of blinking
 m - a scroll of fog
 n - a scroll of fear
 o - 5 scrolls of remove curse
 p - 4 scrolls of identify
 q - a scroll of enchant weapon
Potions
 i - a potion of brilliance
 j - a potion of flight
 r - 5 potions of curing
Comestibles
 e - 8 rations


   Skills:
 - Level 12.7 Fighting
 * Level 8.6 Axes
 - Level 3.6 Crossbows
 - Level 3.0 Armour
 - Level 1.5 Dodging
 - Level 1.2 Stealth


You had 5 spell levels left.
You knew the following spells:

 Your Spells              Type           Power        Failure   Level  Hunger
b - Blink                 Tloc           N/A          100%        2    ###....
r - Regeneration          Chrm/Necr      #.........   100%        3    ####...


Dungeon Overview and Level Annotations

Branches:
Dungeon (9/15)             Temple (1/1) D:6            Lair (2/6) D:9
  Swamp: Lair:2-4    Shoals: Lair:2-4     Snake: Lair:2-4    Spider: Lair:2-4
    Orc: D:9-12

Altars:
Ashenzari
Cheibriados
Dithmenos
Elyvilon
Fedhas
Gozag
Hepliaklqana
Kikubaaqudgha
Makhleb
Nemelex Xobeh
Okawaru
Qazlal
Ru
Sif Muna
Trog
Uskayaw
Vehumet
Wu Jian
Xom
Yredelemnul
Zin
The Shining One

Shops:
D:8 (


Innate Abilities, Weirdness & Mutations

You have razor-sharp teeth.
Your natural rate of healing is unusually fast.
When hurt, damage is shared between your health and your magic reserves.
Your bite disrupts and absorbs the magic of your enemies.
Potions cannot restore your health.
You are immune to rotting.


Message History

The elephant is severely wounded.
The elephant tramples you.
* * * LOW HITPOINT WARNING * * *
You stumble backwards!
You slash the elephant!
You bite the elephant, but do no damage.
The elephant is almost dead.
The elephant barely misses you. The elephant trunk-slaps you.
* * * LOW HITPOINT WARNING * * *
You completely miss the elephant. You bite the elephant. You drain its power.
You feel invigorated.
The elephant is almost dead.
The elephant tramples you!
* * * LOW HITPOINT WARNING * * *
You stumble backwards!
You hit the elephant.
The elephant is almost dead.
You slash the elephant!
You kill the elephant!
Adjust (i)tems, (s)pells, or (a)bilities?
Adjust which ability?
No such ability.
A water moccasin comes into view.
The water moccasin hisses angrily.
Okay, then.
As you read the scroll of teleportation, it crumbles to dust.
You feel strangely unstable.
The water moccasin bites you but does no damage.
Found a stone staircase leading down.
Your surroundings suddenly seem different.
Found a scroll of teleportation.
A porcupine comes into view.
You see here a scroll of teleportation.
k - 5 scrolls of teleportation (gained 1)
You hit the porcupine but do no damage.
You bite the porcupine, but do no damage.
The porcupine bites you but does no damage.
You are struck by the porcupine's spines.
You die...
Your body crumbles into a pile of gold.

....# ...#
...# ..# #
..# .#
#.#####.#
#r......#
#@......##
#.......P#
#.......#
#.......#
#.......#
#.......#
#........#
#.......##
..#.#+#.#


You could see a porcupine.

Vanquished Creatures
  2 two-headed ogres
  An elephant (Lair:1)
  The ghost of bosm the Insei, a novice OpTm of Makhleb (D:6)
  3 trolls (D:9)
  Prince Ribbit (D:7)
  3 blink frogs (Lair:1)
  A hippogriff (D:8)
  A vampire (D:9)
  A basilisk (Lair:1)
  2 hungry ghosts
  A steam dragon (D:8)
  A water moccasin (Lair:1)
  A porcupine (D:8)
  A black bear (D:8)
  5 orc warriors
  3 ice beasts
  An ogre (D:5)
  2 phantoms
  5 necrophages
  2 centaurs
  3 crocodiles
  A big kobold (D:9)
  4 bullfrogs
  A gnoll sergeant (D:9)
  A wyvern zombie (D:8)
  10 killer bees
  4 wights (D:7)
  5 crimson imps
  2 orc priests
  5 hounds
  3 jellies
  11 orc wizards
  3 bullfrog skeletons
  2 iguanas
  Natasha (thrice) (D:4)
  9 worker ants
  14 gnolls
  12 adders
  2 shadow imps
  A white imp (D:9)
  An ooze (D:1)
  An adder skeleton (D:5)
  An adder zombie (D:7)
  A worm (D:6)
  A dart slug (D:1)
  4 leopard geckos
  33 orcs
  3 bats
  6 giant cockroaches
  11 goblins
  8 hobgoblins
  3 jackals (D:3)
  10 kobolds
  2 quokkas
  2 ball pythons
  7 frilled lizards
  A jackal skeleton (D:6)
  A quokka zombie (D:7)
  7 rats
237 creatures vanquished.

Vanquished Creatures (others)
  A plant (D:9)
  A withered plant (D:7)
2 creatures vanquished.

Grand Total: 239 creatures vanquished

Notes
Turn   | Place    | Note
-------+----------+-------------------------------------------
     0 | D:1      | glosham the Vine Stalker Hunter began the quest for the Orb.
     0 | D:1      | Reached XP level 1. HP: 11/11 MP: 2/2
    16 | D:1      | Reached skill level 2 in Fighting
    87 | D:1      | Reached XP level 2. HP: 9/16 MP: 3/3
   295 | D:1      | Reached skill level 3 in Fighting
   342 | D:1      | Reached XP level 3. HP: 7/20 MP: 2/4
   594 | D:4      | Gained mutation: Your natural rate of healing is unusually fast. [Vine Stalker growth]
   594 | D:4      | Reached XP level 4. HP: 12/25 MP: 3/5
   603 | D:4      | Reached skill level 4 in Fighting
   672 | D:4      | Noticed Natasha
   685 | D:4      | Killed Natasha
   685 | D:4      | Reached XP level 5. HP: 30/30 MP: 4/6
   710 | D:4      | Noticed Natasha
   722 | D:4      | Killed Natasha
   729 | D:4      | Noticed a phantom
   737 | D:4      | Reached skill level 5 in Fighting
   816 | D:4      | Killed a phantom
   816 | D:4      | Reached XP level 6. HP: 36/36 MP: 5/7
   953 | D:4      | Reached skill level 6 in Fighting
  1025 | D:4      | Noticed Natasha
  1037 | D:4      | Killed Natasha
  1078 | D:5      | Entered Level 5 of the Dungeon
  1303 | D:5      | Reached skill level 1 in Armour
  1337 | D:5      | Reached skill level 2 in Armour
  1337 | D:5      | Reached XP level 7. HP: 18/40 MP: 3/8
  1550 | D:5      | Reached skill level 3 in Armour
  1917 | D:6      | Noticed bosm's ghost (novice OpTm)
  1931 | D:6      | Killed bosm's ghost
  1931 | D:6      | Reached skill level 8 in Fighting
  1931 | D:6      | Gained mutation: You have razor-sharp teeth. [Vine Stalker growth]
  1931 | D:6      | Reached XP level 8. HP: 46/47 MP: 9/9
  1976 | D:6      | Noticed a two-headed ogre
  1986 | D:6      | Killed a two-headed ogre
  1986 | D:6      | Reached skill level 9 in Fighting
  1986 | D:6      | Reached XP level 9. HP: 27/54 MP: 6/10
  2000 | D:6      | HP: 2/54 [ice beast (9)]
  2040 | D:6      | Reached skill level 10 in Fighting
  2041 | D:6      | Found a staircase to the Ecumenical Temple.
  2118 | Temple   | Entered the Ecumenical Temple
  2281 | Temple   | Became a worshipper of Gozag Ym Sagoz the Greedy
  2627 | D:2      | Found a stormy altar of Qazlal.
  3450 | D:2      | Found a snail-covered altar of Cheibriados.
  3776 | D:7      | Noticed Prince Ribbit
  3806 | D:7      | Killed Prince Ribbit
  3849 | D:7      | Reached skill level 11 in Fighting
  4452 | D:7      | Reached skill level 12 in Fighting
  4452 | D:7      | Reached XP level 10. HP: 51/62 MP: 8/11
  4661 | D:8      | HP: 4/62 [orc warrior/mace (6)]
  4690 | D:8      | Identified the cursed +0 ring mail of Limitation {Str+5} (You found it on level 8 of the Dungeon)
  4896 | D:8      | Reached skill level 1 in Axes
  4998 | D:8      | Reached skill level 2 in Axes
  5145 | D:9      | Reached skill level 3 in Axes
  5365 | D:9      | Reached skill level 4 in Axes
  5547 | D:9      | Reached skill level 5 in Axes
  5658 | D:9      | Noticed a two-headed ogre
  5673 | D:9      | Killed a two-headed ogre
  5673 | D:9      | Reached skill level 6 in Axes
  5673 | D:9      | Reached XP level 11. HP: 14/67 MP: 3/12
  5712 | D:9      | Reached skill level 7 in Axes
  5784 | D:8      | Bought the +2 broad axe of Blind Justice {vamp, rF++ rN+ Dex-2 SInv} for 811 gold pieces
  6282 | D:9      | Found a staircase to the Lair.
  6294 | D:9      | Learned a level 2 spell: Blink
  6298 | D:9      | Learned a level 3 spell: Regeneration
  6304 | Lair:1   | Entered Level 1 of the Lair of Beasts
  6393 | Lair:1   | Reached skill level 8 in Axes
  6531 | Lair:1   | HP: 3/67 [elephant (10)]
  6549 | Lair:1   | Impaled on a porcupine's spines

Skill      XL: |  1  2  3  4  5  6  7  8  9 10 11 |
---------------+----------------------------------+-----
Fighting       | 2 3 4 5 6 8 9 12 | 12.7
Armour         | 2 3 |  3.0
Axes           | 6 8 |  8.6
Crossbows      | |  3.6
Dodging        | |  1.5
Stealth        | |  1.2

Action                   |  1- 3 |  4- 6 |  7- 9 | 10-12 || total
-------------------------+-------+-------+-------+-------++-------
Melee: Short sword       |    17 |       |       |       ||    17
       Bite              |    17 |    17 |   104 |   125 ||   263
       Spear             |     8 |       |       |       ||     8
       Dagger            |    33 |    45 |   267 |   191 ||   536
       Lajatang          |       |       |    20 |       ||    20
       Dire flail        |       |       |    12 |    49 ||    61
       Broad axe         |       |       |       |   120 ||   120
 Fire: Hand crossbow     |     7 |    62 |    38 |    27 ||   134
Throw: Throwing net      |       |       |     1 |       ||     1
Invok: Potion Petition   |       |       |       |     1 ||     1
       Call Merchant     |       |       |       |     1 ||     1
Evoke: Wand              |       |       |       |     8 ||     8
  Use: Scroll            |     2 |     7 |     9 |     6 ||    24
       Potion            |     1 |       |     7 |     5 ||    13
 Stab: Sleeping          |     2 |     1 |     1 |       ||     4
       Held in net/web   |       |       |     2 |       ||     2
       Distracted        |       |       |       |     3 ||     3
       Invisible         |       |       |       |     2 ||     2
  Eat: Chunk             |       |     1 |     4 |       ||     5
       Ration            |       |       |     2 |     9 ||    11
Armor: Leather armour    |    10 |       |       |       ||    10
       Ring mail         |     8 |    26 |    24 |       ||    58
       Plate armour      |       |       |    89 |   232 ||   321
Dodge: Dodged            |    24 |    43 |    99 |   134 ||   300

Table legend:
 A = Turns spent in this place as a percentage of turns spent in the entire game.
 B = Non-inter-level travel turns spent in this place as a percentage of non-inter-level travel turns spent in the entire game.
 C = Inter-level travel turns spent in this place as a percentage of turns spent in this place.
 D = Turns resting spent in this place as a percentage of non-inter-level travel turns spent in this place.
 E = Turns spent auto-exploring this place as a percentage of non-inter-level travel turns spent in this place.
 F = Non-inter-level travel turns spent in this place divided by the number of levels of this place that you've seen.
                   A       B       C       D       E      F
               +-------+-------+-------+-------+-------+----------------------
         Total | 100.0 | 100.0 |  12.0 |   0.2 |   0.0 | 480.3
       Dungeon |  93.4 |  93.7 |  11.7 |   0.2 |   0.0 | 600.2
        Temple |   2.9 |   2.0 |  38.1 |   0.0 |   0.0 | 117.0
          Lair |   3.7 |   4.3 |   0.0 |   0.0 |   0.0 | 122.5
               +-------+-------+-------+-------+-------+----------------------

Table legend:
 A = Kills in this place as a percentage of kills in entire the game.
 B = Kills by you in this place as a percentage of kills by you in the entire game.
 C = Kills by friends in this place as a percentage of kills by friends in the entire game.
 D = Other kills in this place as a percentage of other kills in the entire game.
 E = Experience gained in this place as a percentage of experience gained in the entire game.
 F = Experience gained in this place divided by the number of levels of this place that you have seen.
                   A       B       C       D       E      F
               +-------+-------+-------+-------+-------+----------------------
         Total | 100.0 | 100.0 |   N/A |   N/A | 100.0 | 1064.2
       Dungeon |  97.0 |  97.0 |   N/A |   N/A |  86.5 | 1226.9
          Lair |   3.0 |   3.0 |   N/A |   N/A |  13.5 | 864.0
               +-------+-------+-------+-------+-------+----------------------

Vault maps used:
D:1:      minmay_arrival_four_loops, minmay_misc_feat_five
D:2:      lemuel_upstairs_altar, marbit_many_paths, first_ration
D:4:      minmay_misc_feat_room, nicolae_underground_beach, uniq_natasha
D:6:      minmay_temple_entry_purple_smoke
D:7:      serial_undead, serial_undead_c, serial_undead_d, serial_undead_a,
          serial_undead_d, serial_undead_f, serial_undead_d, uniq_prince_ribbit1
D:9:      grunt_lair_entry_orc_guard_hut
Temple:   minmay_crystal_snake_temple
Lair:1:   beast_lair_carwin_1
Lair:2:   minmay_shoals_entry_beasts, minmay_snake_entry_guardpost_small,
          lab_entry_generic, grunt_megastairs_4
